 Dungeon Crawl Stone Soup version 0.19.0-18-g426998a (webtiles) character file.

258 Plasmo the Magician (level 5, 0/33 HPs)
             Began as a High Elf Wizard on Nov 11, 2016.
             Slain by an orc
             ... wielding a +0 trident
              (10 damage)
             ... on level 3 of the Dungeon.
             The game lasted 00:14:37 (3587 turns).

Plasmo the Magician (High Elf Wizard)               Turns: 3587, Time: 00:14:38

Health: 0/33       AC:  4    Str:  7    XL:     5   Next: 94%
Magic:  5/11       EV: 13    Int: 22    God:
Gold:   99         SH:  0    Dex: 16    Spells: 4 memorised, 2 levels left

rFire  . . .     SeeInvis .     h - +0 short sword
rCold  . . .     Gourm    .     e - +0 leather armour
rNeg   . . .     Faith    .     (no shield)
rPois  .         Spirit   .     b - +1 hat
rElec  .         Reflect  .     (no cloak)
rCorr  .         Harm     .     (no gloves)
MR     .....                    (no boots)
Stlth  ++........               (no amulet)
                                (no ring)
                                a - +3 ring of dexterity

@: no status effects
A: no striking features
a: no special abilities


You were on level 3 of the Dungeon.
You were very hungry.

You visited 1 branch of the dungeon, and saw 3 of its levels.

You collected 99 gold pieces.

Inventory:

Hand Weapons
 h - a +0 short sword (weapon)
 v - a +0 blowgun
Missiles
 j - 4 tomahawks (quivered)
 x - 11 poisoned needles
Armour
 b - a +1 hat (worn)
 e - a +0 leather armour (worn)
Jewellery
 a - a +3 ring of dexterity (left hand)
Wands
 w - a wand of flame (7/48)
Scrolls
 r - 2 scrolls of fear
Potions
 i - 2 potions of might
 k - a potion of flight
 l - a potion of brilliance
 m - a potion of beneficial mutation {unknown}
 n - a potion of degeneration {unknown}
 p - 2 potions of ambrosia
 t - a potion of agility {unknown}
 z - 2 potions of berserk rage
Books
 c - a book of Minor Magic

   Spells                             Type                      Level
   a - Magic Dart                     Conjuration                  1
   b - Blink                          Translocation                2
   c - Call Imp                       Summoning                    2
   d - Repel Missiles                 Charms/Air                   2
   e - Slow                           Hexes                        2
   f - Conjure Flame                  Conjuration/Fire             3
   g - Mephitic Cloud                 Conjuration/Poison/Air       3
 s - a book of Cantrips

   Spells                             Type                      Level
   a - Confusing Touch                Hexes                        1
   b - Animate Skeleton               Necromancy                   1
   c - Summon Small Mammal            Summoning                    1
   d - Apportation                    Translocation                1
Comestibles
 d - 2 bread rations
 f - 3 fruits
 g - 3 meat rations
 o - a slice of pizza
 q - a beef jerky


   Skills:
 * Level 1.2 Fighting
 * Level 2.4 Throwing
 * Level 1.6 Armour
 * Level 3.3 Dodging
 + Level 2.7 Stealth
 * Level 3.8 Spellcasting
 * Level 2.1 Conjurations
 - Level 0.8 Summonings
   Level 1.1 Translocations
 * Level 1.7 Fire Magic
 * Level 2.1 Air Magic


You had 2 spell levels left.
You knew the following spells:

 Your Spells              Type           Power        Failure   Level  Hunger
a - Magic Dart            Conj           ##..         10%         1    None
b - Call Imp              Summ           #.......     21%         2    #......
c - Conjure Flame         Conj/Fire      ##......     28%         3    ###....
d - Mephitic Cloud        Conj/Pois/Air  ##......     34%         3    ###....


Dungeon Overview and Level Annotations

Branches:
Dungeon (3/15)

Altars:
Cheibriados
Okawaru
Qazlal
Sif Muna
Trog
The Shining One


Message History

Aim: an orc, wielding a trident (poisoned)
You shoot a poisoned needle.
The poisoned needle closely misses the orc.
The orc barely misses you.
Firing (i - inventory. (,) - cycle):
x - 13 poisoned needles (quivered)
Press: ? - help, Shift-Dir - straight line, f/p - orc
Aim: an orc, wielding a trident (poisoned)
You shoot a poisoned needle.
The poisoned needle closely misses the orc.
The orc hits you from afar with a trident.
Firing (i - inventory. (,) - cycle):
x - 12 poisoned needles (quivered)
Press: ? - help, Shift-Dir - straight line, f/p - orc
Aim: an orc, wielding a trident (poisoned)
You shoot a poisoned needle. The poisoned needle hits the orc.
The orc looks even sicker.
The orc hits you from afar with a trident.
Wield which item (- for none, * to show all)? (? for menu, Esc to quit)
h - a +0 short sword (weapon)
The orc hits you with a trident!
You die...

#.# #...# ####.##########...###
#.# #...# #....##...........# #
#.# #...# #....##......<....# #
#.# #...# #....##...........# #
#.####.<.####....##...........#
#
#.#..........###.##...........#
# #.#..........#
#.##...........# #
#.#..........# #.##........####
# ...[.........# #@##........#
# .............# #o##........#
# .............#
#.##........######
.............#
#.##...)....##....
....)........#
#.##...#######....
.......#.#...#
#.##...#######....
....##.._..###
#...).[o)......... ....####.#.#
######...##......... #####
#...# #........#..........


You could see an orc.

Vanquished Creatures
  An orc priest (D:3)
  An orc wizard (D:3)
  4 gnolls
  4 adders
  2 oozes (D:3)
  3 worms
  3 leopard geckos
  11 orcs (D:3)
  8 bats
  5 giant cockroaches
  8 goblins
  9 hobgoblins
  6 jackals (D:3)
  7 kobolds
  5 quokkas
  2 ball pythons
  3 frilled lizards
  9 rats
91 creatures vanquished.

Notes
Turn   | Place    | Note
-------+----------+-------------------------------------------
     0 | D:1      | Plasmo the High Elf Wizard began the quest for the Orb.
     0 | D:1      | Reached XP level 1. HP: 11/11 MP: 6/6
   239 | D:1      | Reached XP level 2. HP: 17/17 MP: 4/7
   249 | D:1      | Learned a level 2 spell: Call Imp
   873 | D:2      | Reached skill level 1 in Throwing
   971 | D:2      | Reached XP level 3. HP: 20/22 MP: 6/9
   976 | D:2      | Learned a level 3 spell: Conjure Flame
   980 | D:2      | Learned a level 3 spell: Mephitic Cloud
  1897 | D:2      | Found a stormy altar of Qazlal.
  1897 | D:2      | Found a snail-covered altar of Cheibriados.
  1900 | D:2      | Found a glowing golden altar of the Shining One.
  2072 | D:3      | Reached skill level 1 in Air Magic
  2078 | D:3      | Reached XP level 4. HP: 27/27 MP: 3/10
  2130 | D:3      | Reached skill level 1 in Armour
  2371 | D:3      | Reached skill level 1 in Fighting
  2391 | D:3      | Reached skill level 1 in Fire Magic
  2698 | D:3      | Reached XP level 5. HP: 17/33 MP: 4/11
  2830 | D:3      | Found an iron altar of Okawaru.
  3013 | D:3      | Found a bloodstained altar of Trog.
  3445 | D:3      | Found a deep blue altar of Sif Muna.
  3587 | D:3      | Slain by an orc

Skill      XL: |  1  2  3  4  5 |
---------------+----------------+-----
Throwing       | 1 2 |  2.4
Air Magic      | 1 2 |  2.1
Armour         | 1 |  1.6
Dodging        | 3 |  3.3
Fighting       | 1 |  1.2
Fire Magic     | 1 |  1.7
Conjurations   | 2 |  2.1
Stealth        | |  2.7
Spellcasting   | |  3.8
Summonings     | |  0.8
Translocations | |  1.1

Action                   |  1- 3 |  4- 6 || total
-------------------------+-------+-------++-------
Melee: Unarmed           |    11 |       ||    11
       Short sword       |    41 |   154 ||   195
 Fire: Blowgun           |       |     8 ||     8
 Cast: Magic Dart        |    83 |    95 ||   178
       Mephitic Cloud    |     1 |     6 ||     7
       Conjure Flame     |       |     1 ||     1
  Use: Scroll            |     5 |     8 ||    13
 Stab: Sleeping          |     3 |       ||     3
       Confused          |       |     4 ||     4
  Eat: Chunk             |     3 |     5 ||     8
Armor: Robe              |     9 |       ||     9
       Leather armour    |       |    37 ||    37
Dodge: Dodged            |    29 |    85 ||   114
